 Dungeon Crawl Stone Soup version 0.30.1-11-g7821555f0a (webtiles) character file.

Game seed: 15936226253527964611

91 Glitchless the Ruffian (level 4, -6/40 HPs)
             Began as a Ghoul Berserker on Dec 9, 2023.
             Was a Believer of Trog.
             Mangled by Blork the orc
             ... wielding a +0 dire flail
              (10 damage)
             ... on level 4 of the Dungeon.
             The game lasted 00:06:24 (2334 turns).

Glitchless the Ruffian (Ghoul Berserker)            Turns: 2334, Time: 00:06:24

Health: -6/40      AC:  5    Str: 21    XL:     4   Next: 57%
Magic:  3/3        EV: 11    Int:  7    God:    Trog [**....]
Gold:   808        SH:  0    Dex: 14    Spells: 3/3 levels left

rFire   . .          .
                       - Unarmed
rCold   + . .        (no shield)
rNeg    + + +        f - +0 ring mail
rPois   ∞            (no helmet)
rElec   .            (no cloak)
rCorr   .            (no gloves)
SInv    +            (no boots)
Will    ++...        (no amulet)
Stlth   +            b - ring "Mickyengi" {*Corrode Int+4 Dex+6 SInv}
HPRegen 1.00/turn    (no ring)
MPRegen 0.08/turn

%: corrode self (3%)
@: strong-willed, regenerating
A: claws 1, cold resistance 1, negative energy resistance 3, inhibited
regeneration, torment resistance 2, devour on kill
a: Renounce Religion, Trog's Hand


You were on level 4 of the Dungeon.
You worshipped Trog.
Trog was pleased with you.
You visited 1 branch of the dungeon, and saw 4 of its levels.

You collected 808 gold pieces.

Inventory:

Hand Weapons
 p - the +8 lajatang of Dishonesty {flame, rC+ Str+4}
   (You acquired it on level 2 of the Dungeon)

   Str:       It affects your strength (+4).
   rC:        It protects you from cold.
Missiles
 g - 34 stones (quivered)
Armour
 e - a +2 buckler of resistance
 f - a +0 ring mail (worn)
Jewellery
 b - the ring "Mickyengi" (left claw) {*Corrode Int+4 Dex+6 SInv}
   (You acquired it on level 2 of the Dungeon)

   [ring of dexterity]

   Int:       It affects your intelligence (+4).
   Dex:       It affects your dexterity (+6).
   SInv:      It lets you see invisible.
   *Corrode:  It may corrode you when you take damage.
Scrolls
 m - a scroll of blinking
Potions
 a - a potion of attraction {unknown}
 c - a potion of berserk rage {unknown}
 d - a potion of heal wounds {unknown}
 o - 2 potions of curing


   Skills:
 * Level 4.0 Fighting
 * Level 0.2 Throwing
 * Level 2.0 Armour
 * Level 2.2 Dodging
 * Level 4.6 Unarmed Combat


You had 3 spell levels left.
You didn't know any spells.
Your spell library contained the following spells:

 Spells                   Type           Power      Damage    Failure   Level
 Freeze                   Ice            0%         1d3       58%         1
 Kiss of Death            Conj/Necr      0%         2d5       58%         1
 Ensorcelled Hibernation  Hex/Ice        0%         N/A       75%         2
 Confusing Touch          Hex            0%         N/A       92%         3
 Frozen Ramparts          Ice            0%         1d1       92%         3
 Hailstorm                Conj/Ice       0%         3d3       92%         3
 Anguish                  Hex/Necr       0%         N/A       100%        4
 Dispel Undead            Necr           0%         3d6       100%        4
 Spider Form              Tmut/Pois      Unusable   N/A       N/A         3

Dungeon Overview and Level Annotations

Branches:
Dungeon (4/15)
 Temple: D:4-7

Altars:
Okawaru

Annotations:
D:4 Blork the orc


Innate Abilities, Weirdness & Mutations

You are immune to poison.
You have sharp fingernails.
Your flesh is cold resistant. (rC+)
You are immune to negative energy. (rN+++)
You do not regenerate when monsters are visible.
You are immune to unholy pain and torment.
You thrive by killing the living.


Message History

Okay, then.
Blork the orc casts a spell at you. The puff of flame hits you!
You closely miss Blork the orc.
Blork the orc hits you with a +0 dire flail.
You scratch Blork the orc.
Blork the orc is lightly wounded.
Blork the orc barely misses you.
You scratch Blork the orc but do no damage.
Blork the orc is lightly wounded.
Blork the orc hits you with a +0 dire flail!
You scratch Blork the orc.
Blork the orc is moderately wounded.
Blork the orc points at you and mumbles some strange words.
The puff of flame hits you.
* * * LOW HITPOINT WARNING * * *
You closely miss Blork the orc.
Blork the orc is moderately wounded.
Blork the orc looks satisfied for a moment.
Your skin crawls.
You feel strong-willed. Blork the orc misses you.
You scratch Blork the orc.
Blork the orc is moderately wounded.
Blork the orc closely misses you.
You barely miss Blork the orc.
Blork the orc is moderately wounded.
You scratch Blork the orc but do no damage.
Blork the orc is moderately wounded.
Blork the orc complains loudly, as Orcs often do.
Blork the orc hits you with a +0 dire flail.
* * * LOW HITPOINT WARNING * * *
You scratch Blork the orc.
Blork the orc is moderately wounded.
Blork the orc hits you with a +0 dire flail!
* * * LOW HITPOINT WARNING * * *
You scratch Blork the orc.
Blork the orc is heavily wounded.
Blork the orc hits you with a +0 dire flail!
You die...

############
#.....o@...#
......##.#.#
..### #.#.# #.#.#
#.######.#.######
#........#.......
#
#######..........
#.##+##
#..........
#.#...##
#..#######.


You could see Blork the orc.

Vanquished Creatures
  3 adders
  A worm (D:2)
  3 dart slugs
  An orc (D:3)
  4 ball pythons
  3 bats (D:1)
  6 endoplasms
  A giant cockroach (D:1)
  3 goblins
  6 hobgoblins
  6 jackals
  2 quokkas (D:1)
  2 frilled lizards (D:1)
  4 kobolds
  3 rats
48 creatures vanquished.

Notes
Turn   | Place    | Note
-------+----------+-------------------------------------------
     0 | D:1      | Glitchless the Ghoul Berserker began the quest for the Orb.
     0 | D:1      | Reached XP level 1. HP: 19/19 MP: 0/0
   158 | D:1      | Reached XP level 2. HP: 23/26 MP: 1/1
   342 | D:1      | Reached XP level 3. HP: 33/33 MP: 2/2
   670 | D:1      | Reached ** piety under Trog
   795 | D:1      | Found a faded altar of an unknown god.
  1342 | D:2      | Identified 3 scrolls of acquirement
  1342 | D:2      | Acquired the +8 lajatang of Dishonesty {flame, rC+ Str+4}
  1392 | D:2      | Acquired the ring "Mickyengi" {*Corrode Int+4 Dex+6 SInv}
  1394 | D:2      | Acquired 628 gold pieces
  1525 | D:2      | Reached XP level 4. HP: 37/40 MP: 3/3
  2295 | D:4      | Found an iron altar of Okawaru.
  2321 | D:4      | Noticed Blork the orc
  2334 | D:4      | Mangled by Blork the orc

Illustrated notes

Levels and vault maps discovered:
D:1:      sevenhm_arrival_forest_fort_small_4, layout_loops_ring,
          shapermc_ecumenical_altar_hornbeckon
D:2:      layout_basic
D:3:      layout_rooms
D:4:      layout_loops_corners, kb_xom_exploding_sheep,
          mainiacjoe_overflow_chevrons, old_standard_altar,
          yredelemnul_altar_generic, minmay_fractal_squares_gapless_5,
          uniq_blork_the_orc

Skill      XL: |  1  2  3  4 |
---------------+-------------+-----
Dodging        | 2 |  2.2
Unarmed Combat | 4 |  4.6
Armour         | 2 |  2.0
Fighting       | 4 |  4.0
Throwing       | |  0.2

Action                     |  1- 3 |  4- 6 || total
---------------------------+-------+-------++-------
  Melee: Unarmed           |   112 |    53 ||   165
         Punch             |     1 |       ||     1
 Invoke: Trog's Hand       |       |     1 ||     1
    Use: Scroll            |    12 |     1 ||    13
 Armour: Animal skin       |    12 |       ||    12
         Ring mail         |    17 |     6 ||    23
         Leather armour    |     3 |       ||     3
  Dodge: Dodged            |    52 |    24 ||    76
